 Dungeon Sprint DCSS version 0.23-a0-650-ga4d50d4 (webtiles) character file.

11186 Leeroy the Barachian Blade (level 11, -8/75 HPs)
             Began as a Barachi Ice Elementalist on Jan 3, 2019.
             Was the Champion of Qazlal.
             Mangled by a wolf spider (11 damage)
             ... in the Dungeon (Sprint V: "Ziggurat Sprint").
             The game lasted 00:21:26 (1479 turns).

Leeroy the Barachian Blade (BaIE)                   Turns: 1479, Time: 00:21:26

Health: -8/75      AC: 20    Str: 10    XL:     11   Next: 73%
Magic:  8/18       EV: 10    Int: 27    God:    Qazlal [******]
Gold:   0          SH:  8    Dex: 13    Spells: 2/14 levels left

rFire    + + +     SeeInvis .   H - +7 Screaming Sword {slice, sonic wave}
rCold    x . .     Gourm    .   (no shield)
rNeg     . . .     Faith    .   Q - +5 fire dragon scales
rPois    .         Spirit   .   (no helmet)
rElec    .         Reflect  .   u - +0 cloak {MR+}
rCorr    .         Harm     .   (no gloves)
MR       ++...     NoTele   +   (no boots)
Stlth    ..........             M - amulet of magic regeneration
HPRegen  0.22/turn              w - +6 ring of intelligence
MPRegen  0.41/turn              y - ring of Dotwab {Wiz rF+ MR+ Int+3}

@: lethally poisoned (-8 -> -67), protected from physical damage, repel
missiles, slow
A: +LOS, swims, slowness 1, strong legs 1
a: Hop, Upheaval, Elemental Force, Disaster Area, Renounce Religion


You were in the Dungeon.
You worshipped Qazlal.
Qazlal was exalted by your worship.
You were not hungry.

You visited 1 branch

Inventory:

Hand Weapons
 H - the +7 Screaming Sword (weapon) {slice, sonic wave}
   (You found it in the Dungeon)

   It inflicts extra damage upon your enemies.
 I - the +11 plutonium sword {*Contam Stlth-}
   (You found it in the Dungeon)

   It causes magical contamination when unequipped.
   It makes you less stealthy.
 J - the +9 sword of Zonguldrok {reap}
   (You found it in the Dungeon)

   If a monster killed with it leaves a corpse in good enough shape, the corpse
   will be animated as a zombie friendly to the killer.
 N - a +5 triple sword of draining
 S - the +7 great mace "Firestarter" {inner flame, rF++}
   (You found it in the Dungeon)

   It has been specially enchanted to burn those struck by it, causing extra
   injury to most foes and up to half again as much damage against particularly
   susceptible opponents.
   It greatly protects you from fire.
 W - the +1 mace of Day {pain, rElec Dex+2}
   (You found it in the Dungeon)

   In the hands of one skilled in necromantic magic, it inflicts extra damage on
   living creatures.
   It affects your dexterity (+2).
   It insulates you from electricity.
 X - a +3 great sword of pain
Armour
 u - a +0 cloak of magic resistance (worn)
 K - the +15 Maxwell's patent armour {-Cast -Tele rElec MR+ rCorr}
   (You found it in the Dungeon)

   It insulates you from electricity.
   It affects your resistance to hostile enchantments.
   It prevents spellcasting.
   It prevents most forms of teleportation.
   It provides partial protection from all sources of acid and corrosion.
 L - the +18 shield of the Gong {rElec rN+ MR+ EV-5}
   (You found it in the Dungeon)

   It affects your evasion (-5).
   It insulates you from electricity.
   It protects you from negative energy.
   It affects your resistance to hostile enchantments.
 Q - +5 fire dragon scales (worn)
 R - +5 ice dragon scales
 Z - the +2 ratskin cloak {+Rats rPois rN+ Str-1 Int-1 Dex+1}
   (You found it in the Dungeon)

   It affects your strength (-1).
   It affects your intelligence (-1).
   It affects your dexterity (+1).
   It protects you from poison.
   It protects you from negative energy.
Magical Staves
 D - an uncursed staff of energy
 U - an uncursed staff of wizardry
Jewellery
 a - the amulet of Rimenk {Gourm Dex+3}
   (You found it in the Dungeon)

   [amulet of the gourmand]

   It allows you to eat raw meat even when not hungry.
   It affects your dexterity (+3).
 v - a +6 ring of dexterity
 w - a +6 ring of intelligence (left hand)
 x - a +6 ring of intelligence
 y - the ring of Dotwab (right hand) {Wiz rF+ MR+ Int+3}
   (You found it in the Dungeon)

   [ring of wizardry]

   It improves your spell success rate.
   It affects your intelligence (+3).
   It protects you from fire.
   It affects your resistance to hostile enchantments.
 z - a +6 ring of strength
 F - an uncursed ring of flight
 M - an amulet of magic regeneration (around neck)
 Y - an uncursed ring of protection from cold
Wands
 A - a wand of disintegration (7)
 B - a wand of iceblast (7)
 C - a wand of acid (7)
Scrolls
 i - 4 scrolls of blinking
 o - 4 scrolls of amnesia
 p - 7 scrolls of fog
 q - a scroll of holy word
 r - 5 scrolls of identify
 s - 5 scrolls of remove curse
 t - 2 scrolls of fear
Potions
 b - 2 potions of brilliance
 d - 10 potions of curing
 e - 7 potions of heal wounds
 f - 6 potions of haste
 g - 7 potions of magic
 h - 3 potions of berserk rage
 j - 2 potions of invisibility
 k - 4 potions of resistance
 l - a potion of experience
 m - 5 potions of agility
 n - 5 potions of might
Miscellaneous
 E - a crystal ball of energy
 G - a lightning rod (4/4)
 O - a lamp of fire
 T - a box of beasts
 V - 3 phantom mirrors
Comestibles
 c - 7 rations


   Skills:
 - Level 3.6 Fighting
 - Level 22.5 Long Blades
 + Level 8.7 Armour
 - Level 6.0 Dodging
 - Level 1.7 Stealth
 - Level 2.1 Spellcasting
 - Level 9.1 Conjurations
 + Level 3.4 Hexes
 - Level 10.6 Summonings
 - Level 8.1 Ice Magic
 - Level 9.5 Invocations


You had 2 spell levels left.
You knew the following spells:

 Your Spells              Type           Power        Failure   Level  Hunger
a - Freeze                Ice            ####         1%          1    None
b - Throw Icicle          Conj/Ice       #####...     8%          4    ####...
c - Ensorcelled Hibernat  Hex/Ice        ####..       4%          2    ##.....
d - Summon Ice Beast      Ice/Summ       ######..     6%          4    ####...
e - Sting                 Conj/Pois      ####         4%          1    None

Your spell library contained the following spells:

 Spells                   Type           Power        Failure   Level  Hunger
 Call Imp                 Summ           ######..     1%          2    ##.....
 Throw Frost              Conj/Ice       #####.       1%          2    ##.....
 Sandblast                Erth           #.....       26%         1    None
 Recall                   Summ/Tloc      N/A          9%          3    ###....
 Ozocubu's Armour         Chrm/Ice       ###.....     16%         3    ###....
 Summon Mana Viper        Hex/Summ       #####...     38%         5    ######.
 Shadow Creatures         Summ           N/A          45%         6    #######
 Spider Form              Tmut/Pois      #.........   58%         3    ###....
 Irradiate                Conj/Tmut      ####......   71%         5    ######.
 Leda's Liquefaction      Hex/Erth       ##........   77%         4    ####...
 Silence                  Hex/Air        ##........   97%         5    ######.
 Alistair's Intoxication  Tmut/Pois      #.......     99%         5    ######.
 Borgnjor's Vile Clutch   Necr/Erth      #.........   99%         5    ######.
 Darkness                 Hex            ###.......   100%        6    #######
 Hydra Form               Tmut           #.........   100%        6    #######
 Statue Form              Tmut/Erth      #........    100%        6    #######
 Dragon Form              Tmut           #.........   100%        7    #######


Dungeon Overview and Level Annotations

Branches:
Dungeon (1/1)

Altars:
Ashenzari
Cheibriados
Dithmenos
Elyvilon
Fedhas
Gozag
Hepliaklqana
Kikubaaqudgha
Makhleb
Nemelex Xobeh
Okawaru
Qazlal
Ru
Sif Muna
Trog
Uskayaw
Vehumet
Wu Jian
Xom
Yredelemnul
Zin
The Shining One
Beogh
Jiyva
Lugonu

Annotations:
D 1 transporter


Innate Abilities, Weirdness & Mutations

Shadows flee at your approach. (+LOS)
You can swim through water.
You cover ground slowly.
You can hop short distances.


Message History

Unknown command.
Press: ? - help, v - describe, . - travel
Here: a tarantella (freezing vapour, almost dead, clinging)
The floor.
Unknown command.
You hit the tarantella but do no damage.
The tarantella is almost dead.
* * * LOW HITPOINT WARNING * * *
You feel very sick.
The tarantella is engulfed in freezing vapours.
You kill the tarantella!
Qazlal accepts your kill.
The jumping spider leaps!
The ice beast hits you but does no damage.
The ice beast hits you.
* * * LOW HITPOINT WARNING * * *
The ice beast freezes you!
You feel a terrible chill!
* * * LOW HITPOINT WARNING * * *
The wolf spider hits you!
You die...

▓...8©8...▓...8©8...▓
▓..))[})..▓..}.))|..▓
▓..[:s::..▓...|.}"..▓
▓..○......▓......(..▓
▓.........▓.........▓
▓......s..▓.........▓
▓...§.....▓......)..▓
▓..yY.†...▓.▓.....▓.▓
▓.▓sY@.°▓.▓....©....▓
▓...○○s...▓▓▓▓▓▓▓▓▓▓▓
▓▓▓▓▓▓▓▓▓▓▓


You could see a wolf spider, an orb spider, a hornet, 2 jumping spiders and 2
ice beasts.

Vanquished Creatures
  A vault warden (D)
  5 vault guards (D)
  A dancing weapon (D)
  A deep elf archer (D)
  2 wolf spiders (D)
  A deep elf mage (D)
  2 draconians (D)
  An apocalypse crab (D)
  A spiny frog (D)
  2 komodo dragons (D)
  A troll (D)
  A hornet (D)
  A redback (D)
  A yak (D)
  A tarantella (D)
  A fire elemental (D)
  A porcupine (D)
  A black bear (D)
  4 phantoms (D)
  4 necrophages (D)
  2 ogres (D)
  4 wights (D)
  A crimson imp (D)
  2 iguanas (D)
  3 white imps (D)
  An ufetubus (D)
  An adder zombie (D)
  2 bat skeletons (D)
  A bat zombie (D)
  2 jackals (D)
  A leopard gecko skeleton (D)
  3 leopard gecko zombies (D)
  A quokka skeleton (D)
  A quokka zombie (D)
58 creatures vanquished.

Vanquished Creatures (collateral kills)
  A troll (D)
1 creature vanquished.

Vanquished Creatures (others)
  An acid blob (D)
  Gastronok (D)
  A death ooze (D)
  Pikel (D)
  Psyche (D)
  Edmund (D)
  Purgy (D)
7 creatures vanquished.

Grand Total: 66 creatures vanquished

Notes
Turn   | Place    | Note
-------+----------+-------------------------------------------
     0 | D        | Found the +6 Majin-Bo {vamp, Archmagi MP+6 Int+6}
     0 | D        | Found the +7 great mace "Firestarter" {inner flame, rF++}
     0 | D        | Leeroy the Barachi Ice Elementalist began the quest for the
                  | Orb.
     0 | D        | Reached XP level 1. HP: 13/13 MP: 3/3
     0 | D        | Found a transporter.
     0 | D        | Found an ancient bone altar of Kikubaaqudgha.
     0 | D        | Found a viscous altar of Jiyva.
     0 | D        | Found a corrupted altar of Lugonu.
     0 | D        | Found a hazy altar of Hepliaklqana.
     0 | D        | Found a burning altar of Makhleb.
     0 | D        | Found an opulent altar of Gozag.
     5 | D        | Killed Psyche
    22 | D        | Found the +9 heavy crossbow "Sniper" {velocity, Acc+∞ SInv}
    22 | D        | Found the +10 dark maul {crush}
    22 | D        | Found the +15 Maxwell's patent armour {-Cast -Tele rElec
                  | MR+ rCorr}
    22 | D        | Found the +18 shield of the Gong {rElec rN+ MR+ EV-5}
    22 | D        | Found the cursed +14 obsidian axe {chop, +Fly SInv *Curse}
    23 | D        | Found the +6 shillelagh "Devastator" {shatter}
    23 | D        | Found the +11 plutonium sword {*Contam Stlth-}
    23 | D        | Found the +8 lance "Wyrmbane" {slay drac, rPois rF+ rC+
                  | AC+3}
    23 | D        | Found the +9 sword of Zonguldrok {reap}
    23 | D        | Found the cursed +13 scythe of Curses {drain, *Curse}
    23 | D        | Found the +0 sword of Power
    23 | D        | Found the +7 mace of Variability {chain chaos}
    23 | D        | Found the +7 Singing Sword {slice, sonic wave}
    23 | D        | Found the +7 longbow "Piercer" {penet, EV-2}
    73 | D        | Became a worshipper of Qazlal Stormbringer
   136 | D        | Entered arena 2.
   136 | D        | Noticed a draconian
   136 | D        | Noticed a draconian
   136 | D        | Found a transporter.
   146 | D        | Killed a draconian
   146 | D        | Reached skill level 10 in Long Blades
   146 | D        | Reached XP level 2. HP: 4/19 MP: 3/7
   146 | D        | Reached XP level 3. HP: 5/24 MP: 3/9
   146 | D        | Reached XP level 4. HP: 6/30 MP: 3/10
   146 | D        | Reached XP level 5. HP: 7/35 MP: 3/11
   146 | D        | Reached XP level 6. HP: 8/41 MP: 3/12
   149 | D        | Killed a draconian
   149 | D        | Reached skill level 14 in Long Blades
   149 | D        | Reached XP level 7. HP: 10/46 MP: 3/13
   169 | D        | Learned a level 4 spell: Throw Icicle
   485 | D        | Entered arena 3.
   485 | D        | Noticed a yak
   485 | D        | Found a transporter.
   490 | D        | Killed a yak
   490 | D        | Reached * piety under Qazlal
   490 | D        | Reached XP level 8. HP: 51/53 MP: 14/14
   493 | D        | Reached skill level 1 in Fighting
   493 | D        | Reached skill level 15 in Long Blades
   504 | D        | Learned a level 2 spell: Ensorcelled Hibernation
   506 | D        | Got the +1 mace of Day {pain, rElec Dex+2}
   508 | D        | Entered arena 4.
   508 | D        | Noticed a +3 hand axe of venom
   508 | D        | Noticed a deep elf archer
   508 | D        | Noticed a deep elf mage
   508 | D        | Found a transporter.
   509 | D        | Found the +2 ratskin cloak {+Rats rPois rN+ Str-1 Int-1
                  | Dex+1}
   512 | D        | Killed a +3 hand axe of venom
   512 | D        | Reached ** piety under Qazlal
   512 | D        | Reached skill level 17 in Long Blades
   516 | D        | Reached XP level 9. HP: 44/64 MP: 15/15
   517 | D        | Killed a deep elf archer
   517 | D        | Reached skill level 18 in Long Blades
   527 | D        | Killed a deep elf mage
   534 | D        | Got the +7 quarterstaff of Wyrd {speed, *Rage +Blink rElec
                  | rF+ SInv}
   539 | D        | Killed Edmund
   548 | D        | Learned a level 4 spell: Summon Ice Beast
   549 | D        | Entered arena 5.
   549 | D        | Noticed a troll
   549 | D        | Noticed a troll
   549 | D        | Found a transporter.
   551 | D        | Reached *** piety under Qazlal
   553 | D        | Killed a troll
   558 | D        | Killed a troll
   558 | D        | Reached skill level 19 in Long Blades
   561 | D        | Got the amulet "Nuom" {Harm *Corrode *Drain rN+ Dex+2}
   562 | D        | Killed an acid blob
   729 | D        | Killed Gastronok
   740 | D        | Entered arena 6.
   740 | D        | Found a transporter.
   747 | D        | Reached **** piety under Qazlal
   759 | D        | Reached XP level 10. HP: 70/70 MP: 16/16
   764 | D        | Killed Purgy
   770 | D        | Got the amulet of Rimenk {Gourm Dex+3}
   821 | D        | Entered arena 7.
   821 | D        | Noticed a vault guard
   821 | D        | Noticed a vault warden
   821 | D        | Noticed a vault guard
   821 | D        | Noticed a vault guard
   821 | D        | Noticed a vault guard
   821 | D        | Noticed a vault guard
   821 | D        | Found a transporter.
   831 | D        | Killed a vault guard
   833 | D        | Killed a vault guard
   833 | D        | Reached skill level 20 in Long Blades
   835 | D        | Killed a vault warden
   835 | D        | Reached ***** piety under Qazlal
   835 | D        | Reached skill level 21 in Long Blades
   836 | D        | Killed a vault guard
   836 | D        | Reached XP level 11. HP: 56/75 MP: 6/17
   837 | D        | Killed a vault guard
   837 | D        | Reached skill level 10 in Summonings
   838 | D        | Killed a vault guard
   838 | D        | Reached skill level 22 in Long Blades
   852 | D        | Got Zysm's Incunabulum of Companions and the Rocks
   864 | D        | Got the cursed ring "Haumob" {rC+ Slay-3}
   867 | D        | Got the cursed +2 war axe of the Brain {freeze, Int+4}
   990 | D        | Entered arena 8.
   990 | D        | Found a transporter.
  1018 | D        | Got Heank's Almanac of Ensnaring Envenoming
  1021 | D        | Learned a level 1 spell: Sting
  1037 | D        | Entered arena 9.
  1037 | D        | Found a transporter.
  1038 | D        | Reached ****** piety under Qazlal
  1079 | D        | Got the ring of Dotwab {Wiz rF+ MR+ Int+3}
  1136 | D        | Killed a death ooze
  1278 | D        | Entered arena 10.
  1278 | D        | Found a transporter.
  1282 | D        | Reached skill level 5 in Dodging
  1349 | D        | Entered arena 11.
  1349 | D        | Found a transporter.
  1356 | D        | Reached skill level 1 in Armour
  1451 | D        | Killed Pikel
  1466 | D        | Entered arena 12.
  1466 | D        | Noticed a wolf spider
  1466 | D        | Noticed a wolf spider
  1466 | D        | Noticed a wolf spider
  1466 | D        | Noticed an orb spider
  1468 | D        | Found a transporter.
  1474 | D        | Killed a wolf spider
  1474 | D        | Reached skill level 5 in Armour
  1476 | D        | Killed a wolf spider
  1479 | D        | HP: 3/75 [ice beast[the player character] (15)]
  1479 | D        | Mangled by a wolf spider

Vault maps used:
D:        sprint_v

Skill      XL: |  1  2  3  4  5  6  7  8  9 10 11 |
---------------+----------------------------------+-----
Long Blades    | 10 14 17 19 21 22 | 22.5
Invocations    | 9 |  9.5
Ice Magic      | 6 7 8 |  8.1
Fighting       | 3 |  3.6
Conjurations   | 3 9 |  9.1
Summonings     | 9 10 | 10.6
Hexes          | 3 |  3.4
Dodging        | 6 |  6.0
Armour         | 8 |  8.7
Stealth        | |  1.7
Spellcasting   | |  2.1

Action                   |  1- 3 |  4- 6 |  7- 9 | 10-12 || total
-------------------------+-------+-------+-------+-------++-------
Melee: Demon blade       |     6 |       |       |       ||     6
       Double sword      |       |       |    43 |    86 ||   129
 Cast: Summon Ice Beast  |       |       |       |     5 ||     5
       Sting             |       |       |       |     1 ||     1
Invok: Upheaval          |       |       |     1 |     3 ||     4
 Abil: Hop               |       |       |     1 |       ||     1
       Evoke Ratskin     |       |       |     1 |       ||     1
Evoke: Lightning rod     |     2 |     3 |     3 |     1 ||     9
  Use: Potion            |       |       |       |     3 ||     3
       Scroll            |       |       |       |     1 ||     1
  Eat: Ration            |       |       |       |     1 ||     1
       Chunk             |       |       |       |     1 ||     1
Armor: Plate armour      |     5 |       |    13 |    16 ||    34
       Fire dragon scale |       |       |       |    30 ||    30
Dodge: Dodged            |       |       |     2 |    23 ||    25
Block: Shield            |    11 |     3 |    49 |    86 ||   149
       Other             |       |       |       |    25 ||    25
       Rpst.: Double sword |       |       |       |     3 ||     3

Table legend:
 A = Non-vault XP
 B = Vault XP
 C = Vault XP percentage of total XP
 D = Non-vault monster count
 E = Vault monster count
 F = Vault count percentage of total count
                 A         B        C        D         E       F
            +---------+---------+-------+---------+---------+-------
      Total |       0 |   15981 | 100.0 |       0 |      59 | 100.0
            +---------+---------+-------+---------+---------+-------
          D |       0 |   15981 | 100.0 |       0 |      59 | 100.0
            +---------+---------+-------+---------+---------+-------
